 Dungeon Crawl Stone Soup version 0.18-a0-1788-g92de1ac (webtiles) character file.

311 Slobodan the Gusty (level 6, -1/35 HPs)
             Began as a Tengu Air Elementalist on Apr 20, 2016.
             Was an Initiate of Vehumet.
             Killed by divine providence
             ... invoked by an orc priest
              (16 damage)
             ... on level 4 of the Dungeon.
             The game lasted 00:27:19 (3733 turns).

Slobodan the Gusty (Tengu Air Elementalist)         Turns: 3733, Time: 00:27:20

Health: -1/35      AC:  6    Str:  9    XL:     6   Next: 42%
Magic:  10/10      EV:  4    Int: 17    God:    Vehumet [......]
Gold:   123        SH:  0    Dex: 14    Spells: 3 memorised, 3 levels left

rFire  . . .     SeeInvis .     g - +0 mace
rCold  . . .     Gourm    .     q - +0 scale mail (curse)
rNeg   . . .     Faith    .     (no shield)
rPois  .         Spirit   .     (helmet restricted)
rElec  .         Dismiss  .     (no cloak)
rCorr  .         Reflect  .     (no gloves)
SustAt .         Harm     .     (boots unavailable)
MR     .....                    (no amulet)
Stlth  +.........               (no ring)
                                (no ring)

@: not resistant to hostile enchantments, very unstealthy
A: beak, talons 3, able to fly 1
a: Fly, Renounce Religion


You were on level 4 of the Dungeon.
You worshipped Vehumet.
Vehumet was noncommittal.
You were not hungry.

You visited 1 branch of the dungeon, and saw 4 of its levels.

You collected 123 gold pieces.

Inventory:

Hand Weapons
 g - a +0 mace (weapon)
Missiles
 h - 2 javelins (quivered)
Armour
 a - a +0 robe
 q - a cursed +0 scale mail (worn)
Wands
 l - a wand of paralysis (9/24)
Scrolls
 r - a scroll of enchant weapon {unknown}
Potions
 e - a potion of berserk rage
 f - a potion of invisibility {unknown}
 i - 2 potions of agility
 k - 3 potions of cancellation
 m - a potion of might {unknown}
 o - a potion of resistance {unknown}
 p - a potion of curing {unknown}
Books
 b - a book of Air

   Spells                             Type                      Level
   a - Shock                          Conjuration/Air              1
   b - Swiftness                      Charms/Air                   2
   c - Repel Missiles                 Charms/Air                   2
   d - Static Discharge               Conjuration/Air              3
   e - Lightning Bolt                 Conjuration/Air              5
Comestibles
 c - 6 bread rations
 d - a meat ration
 j - a beef jerky
 n - a chunk of flesh


   Skills:
 - Level 2.2 Fighting
 + Level 4.1 Maces & Flails
 - Level 3.2 Dodging
 - Level 2.0 Stealth
 - Level 2.0 Spellcasting
 - Level 3.1 Conjurations
 - Level 5.2 Air Magic


You had 3 spell levels left.
You knew the following spells:

 Your Spells              Type           Power        Failure   Level  Hunger
a - Shock                 Conj/Air       ###.         34%         1    #......
b - Swiftness             Chrm/Air       ##......     85%         2    ###....
c - Static Discharge      Conj/Air       ###.....     87%         3    ###....


Dungeon Overview and Level Annotations

Branches:
Dungeon (4/15)
 Temple: D:4-7

Altars:
Nemelex Xobeh
Pakellas
Vehumet

Annotations:
D:3 FnF's ghost, amateur HOSk
D:4 Yehuk's ghost, novice GrFi


Innate Abilities, Weirdness & Mutations

You have a beak for a mouth.
You have claws for feet.
You can fly.


Message History

You hit the ogre.
The ogre is moderately wounded.
The helpless ogre fails to defend itself.
You sock the ogre!
The ogre is severely wounded.
The helpless ogre fails to defend itself.
You sock the ogre! You claw the ogre.
You kill the ogre!
Vehumet accepts your kill.
Your Maces & Flails skill increases to level 4!
The orc priest shouts! x2
The orc priest mumbles some strange prayers to Beogh against you.
Beogh smites you!
The orc priest casts a cantrip, but nothing happens.
The orc priest calls down the wrath of Beogh upon you.
Beogh smites you!
There is a stone staircase leading up here.
The orc priest mumbles some strange prayers to Beogh against you.
Beogh smites you!
You die...

.##..................### ##.##
.#.....................####..#
.........................###.##
..........................##..#
...........................##.#
...........................##.###
..................).<............
..............................###
................@............##
............................##
............................#
...........................##
............................#
.......................###..## ##
.................o....## ##..###.
.............o........# ##..#.#
..................#...## ##.#.#


You could see an orc priest and an orc wizard.

Vanquished Creatures
  2 ogres (D:4)
  An orc priest (D:3)
  4 adders
  A gnoll (D:2)
  A worm (D:2)
  3 dart slugs
  2 giant geckos (D:3)
  5 orcs (D:3)
  A ball python (D:3)
  2 giant cockroaches (D:1)
  4 goblins
  5 hobgoblins
  9 kobolds
  A quokka (D:4)
  8 bats
  A giant gecko skeleton (D:4)
  7 giant newts
  6 rats
63 creatures vanquished.

Notes
Turn   | Place    | Note
--------------------------------------------------------------
     0 | D:1      | Slobodan the Tengu Air Elementalist began the quest for the Orb.
     0 | D:1      | Reached XP level 1. HP: 10/10 MP: 4/4
   196 | D:1      | Reached XP level 2. HP: 16/16 MP: 3/6
   448 | D:1      | Learned a level 2 spell: Swiftness
   737 | D:1      | Reached XP level 3. HP: 20/20 MP: 5/7
   822 | D:2      | Found a sparkling altar of Nemelex Xobeh.
   973 | D:2      | Reached skill level 1 in Fighting
  1372 | D:2      | Reached XP level 4. HP: 25/25 MP: 3/8
  1547 | D:2      | Learned a level 3 spell: Static Discharge
  1613 | D:3      | Reached skill level 5 in Air Magic
  1634 | D:3      | Noticed FnF's ghost (amateur HOSk)
  1871 | D:3      | Found a faded altar to an unknown god.
  2132 | D:3      | Found an oddly glowing altar of Pakellas.
  2213 | D:3      | Gained mutation: You can fly. [Tengu growth]
  2213 | D:3      | Reached XP level 5. HP: 15/30 MP: 1/9
  2564 | D:4      | Noticed an ogre
  2576 | D:4      | Killed an ogre
  2615 | D:3      | Reached XP level 6. HP: 27/35 MP: 10/10
  2686 | D:4      | Found a radiant altar of Vehumet.
  2692 | D:4      | Noticed Yehuk's ghost (novice GrFi)
  3261 | D:4      | Became a worshipper of Vehumet
  3733 | D:4      | Killed from afar by an orc priest

Vault maps used:
D:1:      dpeg_arrival_triangle_fractal
D:2:      lemuel_crystal_altar, nicolae_ru_the_path_less_chosen, st_stairs_7
D:3:      ecumenical_altar_1, lemuel_statue_altar
D:4:      vehumet_crystals

Skill      XL: |  1  2  3  4  5  6 |
---------------+-------------------+-----
Conjurations   | 2 3 |  3.1
Fighting       | 1 2 |  2.2
Air Magic      | 5 |  5.2
Dodging        | 3 |  3.2
Maces & Flails | 2 4 |  4.1
Stealth        | |  2.0
Spellcasting   | |  2.0

Action                   |  1- 3 |  4- 6 || total
-------------------------+-------+-------++-------
Melee: Club              |     6 |       ||     6
       Peck              |     2 |     8 ||    10
       Mace              |     2 |    54 ||    56
       Kick              |       |    13 ||    13
Throw: Javelin           |       |     7 ||     7
 Cast: Shock             |    66 |    43 ||   109
Evoke: Wand              |       |     2 ||     2
  Use: Scroll            |     2 |     4 ||     6
 Stab: Paralysed         |       |    11 ||    11
  Eat: Chunk             |     3 |     6 ||     9
       Pizza             |       |     1 ||     1
Armor: Robe              |    10 |     1 ||    11
       Scale mail        |       |    15 ||    15
Dodge: Dodged            |    20 |    16 ||    36
